Map: Prion Terraces

Players

SortOf

  • Race: Zerg Zerg
  • League: Grandmaster

PartinG - Winner!

  • Race: Protoss Protoss

Event: DreamHack ROCCAT LotV Championship

VOD

Have the link to the VOD?

Description

Time

  • Played on: Nov. 26, 2015, 8:42 a.m.
  • Length: 13:52

All games in this series

Show
View Real Time Build Order
Export as new Build Order

SortOf Zerg 

Build Orders: 3 Hatch before Pool 

Get SALT Encoding   

  12  0:00  Drone  
  13  0:14  Overlord  
  13  0:17  Drone  
  14  0:32  Drone x2  
  16  0:36  Drone  
  17  0:47  Drone  
  18  0:58  Drone  
  18  1:00  Hatchery  
  18  1:10  Drone  
  19  1:23  Hatchery  
  18  1:27  Drone  
  18  1:30  Drone  
  20  1:33  Extractor  
  19  1:44  Spawning Pool  
  18  1:47  Drone  
  18  1:53  Drone  
  20  2:10  Drone  
  20  2:15  Drone x2  
  23  2:31  Zergling x4  
  23  2:33  Queen  
  23  2:35  Drone, Queen  
  30  2:41  Metabolic Boost  
  30  2:43  Zergling x2  
  31  2:47  Overlord  
  31  2:52  Drone x2  
  31  2:56  Spine Crawler  
  31  2:58  Drone  
  33  3:06  Zergling x6  
  33  3:10  Queen  
  38  3:16  Queen  
  40  3:20  Evolution Chamber  
  38  3:31  Drone  
  38  3:32  Drone x3  
  41  3:36  Overlord x2  
  41  3:46  Zergling x4  
  41  3:49  Zergling x2  
  41  3:51  Drone  
  40  4:04  Zergling x6  
  40  4:05  Drone x2  
  40  4:08  Drone  
  44  4:13  Drone x2  
  42  4:18  Drone x3  
  44  4:26  Drone  
  44  4:29  Drone  
  44  4:30  Roach Warren, Drone x2, Extractor  
  46  4:33  Drone  
  46  4:36  Overlord  
  47  4:40  Spore Crawler  
  47  4:45  Drone x2  
  47  4:46  Drone x2  
  47  4:51  Drone x2  
  51  4:55  Lair  
  51  5:03  Spore Crawler  
  51  5:06  Zergling x2  
  52  5:07  Drone x2  
  52  5:08  Drone x2  
  52  5:09  Drone  
  52  5:10  Drone x2  
  57  5:15  Roach  
  57  5:18  Roach x2  
  57  5:20  Drone, Roach  
  64  5:28  Drone  
  64  5:30  Overlord x2, Extractor  
  64  5:33  Overlord  
  64  5:38  Evolution Chamber, Extractor  
  62  5:43  Drone x4  
  62  5:49  Drone  
  66  5:53  Drone x2  
  66  5:56  Extractor  
  67  5:57  Overseer  
  67  5:59  Overseer  
  67  6:05  Drone x4  
  67  6:06  Drone x3  
  67  6:07  Drone x2  
  67  6:08  Extractor  
  67  6:09  Zerg Melee Weapons Level 1  
  75  6:12  Zerg Ground Armor Level 1  
  75  6:14  Hatchery  
  75  6:17  Zergling x8  
  78  6:21  Ravager  
  78  6:24  Ravager  
  80  6:29  Zergling x4  
  80  6:30  Overlord x2  
  80  6:31  Overseer  
  82  6:41  Infestation Pit  
  82  6:43  Ravager  
  82  6:44  Overlord  
  82  6:48  Hatchery  
  81  6:54  Drone x5  
  81  6:56  Drone x2  
  81  7:00  Ravager, Roach x3  
  81  7:01  Roach  
  96  7:03  Overlord  
  96  7:07  Overlord  
  96  7:09  Zergling x6  
  96  7:12  Hatchery  
  96  7:13  Overlord  
  99  7:20  Overlord  
  99  7:22  Overlord x2  
  99  7:23  Overlord  
  99  7:27  Hive  
  99  7:31  Ravager x4  
  99  7:33  Zergling x8  
  107  7:38  Zergling x2  
  107  7:39  Zergling x8  
  107  7:42  Drone x3  
  115  7:45  Zergling x4  
  115  7:50  Zergling x4  
  118  8:02  Zergling x2  
  113  8:09  Zergling x12  
  116  8:21  Zergling x16  
  116  8:22  Zerg Ground Armor Level 2  
  116  8:23  Zerg Melee Weapons Level 2  
  116  8:24  Overseer  
  124  8:28  Roach x4  
  124  8:29  Roach  
  124  8:30  Pneumatized Carapace  
  124  8:32  Overlord x2  
  134  8:38  Spine Crawler  
  134  8:39  Spore Crawler, Viper  
  135  8:42  Ultralisk Cavern  
  135  8:44  Adrenal Glands  
  134  8:52  Zergling x10  
  134  8:53  Ravager  
  134  8:54  Ravager x3  
  143  8:56  Hatchery, Overseer  
  143  8:59  Drone x2  
  144  9:06  Zergling x14  
  148  9:10  Overlord  
  148  9:14  Zergling x8  
  141  9:21  Zergling x8  
  145  9:30  Chitinous Plating  
  143  9:33  Ultralisk, Spire, Zergling x2  
  143  9:44  Ultralisk  
  143  9:45  Zergling x12  
  130  9:56  Overseer  
  129  10:03  Drone x4  
  129  10:04  Drone  
  129  10:06  Drone x2  
  136  10:08  Drone x4  
  140  10:16  Ultralisk, Zergling x14  
  150  10:23  Ultralisk, Zergling x6  
  150  10:28  Zergling x8  
  163  10:35  Ultralisk  
  169  10:38  Zergling x4  
  169  10:46  Overlord x3  
  169  11:00  Zergling x4  
  169  11:01  Greater Spire  
  169  11:03  Zerg Ground Armor Level 3  
  169  11:15  Spine Crawler  
  169  11:17  Spore Crawler, Extractor  
  166  11:18  Extractor  
  166  11:20  Zergling x6  
  166  11:21  Zergling x2  
  168  11:27  Ultralisk  
  168  11:28  Zergling x18  
  168  11:29  Overlord  
  168  11:30  Overseer  
  183  11:34  Drone  
  183  11:35  Drone x4  
  183  11:38  Extractor  
  181  11:49  Overseer  
  181  11:52  Drone x4  
  168  11:55  Ultralisk x2  
  178  12:02  Corruptor  
  178  12:04  Extractor  
  178  12:06  Zergling x2  
  178  12:07  Zergling x20  
  190  12:09  Zergling x18  
  190  12:15  Overlord x2  
  191  12:18  Overlord  
  191  12:19  Overlord x2  
  185  12:29  Spine Crawler  
  184  12:30  Spore Crawler  
  183  12:38  Ultralisk x2  
  183  12:39  Corruptor  
  183  12:43  Hatchery  
  192  12:48  Corruptor  
  192  12:49  Brood Lord  
  185  12:56  Corruptor x2  
  188  13:08  Zergling x18  
  188  13:09  Zergling x2  
  198  13:18  Zergling x2  
  197  13:26  Overlord  
  195  13:32  Zergling x6  
  195  13:33  Overlord  
Show
View Real Time Build Order
Export as new Build Order

PartinG Protoss - Winner!

Build Orders: Nexus First 

Get SALT Encoding   

  12  0:00  Probe (Chrono Boost)  
  13  0:12  Probe (Chrono Boost)  
  14  0:16  Pylon  
  14  0:22  Probe (Chrono Boost)  
  15  0:34  Probe (Chrono Boost)  
  16  0:45  Probe (Chrono Boost)  
  17  0:59  Nexus  
  17  1:09  Gateway  
  17  1:13  Probe (Chrono Boost)  
  17  1:17  Assimilator  
  18  1:23  Probe (Chrono Boost)  
  19  1:26  Assimilator  
  19  1:34  Probe (Chrono Boost)  
  20  1:40  Gateway  
  20  1:45  Probe (Chrono Boost)  
  21  1:55  Probe (Chrono Boost)  
  21  1:57  Cybernetics Core  
  22  2:06  Probe (Chrono Boost)  
  23  2:11  Probe (Chrono Boost)  
  24  2:16  Probe (Chrono Boost)  
  24  2:22  Probe (Chrono Boost)  
  26  2:27  Probe (Chrono Boost)  
  27  2:34  Adept x2 (Chrono Boost)  
  27  2:35  Warp Gate  
  31  2:37  Mothership Core  
  31  2:40  Probe  
  34  2:45  Pylon  
  34  2:58  Adept (Chrono Boost)  
  36  2:59  Adept (Chrono Boost)  
  36  3:04  Probe  
  36  3:05  Probe  
  40  3:17  Probe x2  
  42  3:23  Twilight Council  
  42  3:25  Pylon x2  
  42  3:32  Probe x2 (Chrono Boost)  
  43  3:43  Probe x2 (Chrono Boost)  
  45  3:53  Probe (Chrono Boost)  
  45  3:54  Probe (Chrono Boost)  
  45  3:55  Gateway  
  45  3:57  Forge  
  43  4:03  Dark Shrine  
  43  4:04  Probe x2 (Chrono Boost), Pylon  
  45  4:15  Probe (Chrono Boost)  
  46  4:19  Probe (Chrono Boost)  
  43  4:25  Probe (Chrono Boost)  
  43  4:26  Protoss Ground Weapons Level 1, Pylon  
  43  4:30  Probe (Chrono Boost)  
  45  4:31  Assimilator  
  45  4:32  Assimilator  
  45  4:38  Pylon  
  45  4:42  Nexus  
  45  4:44  Pylon  
  45  4:51  Blink (Chrono Boost)  
  45  4:52  Probe x2 (Chrono Boost)  
  46  4:53  Sentry x2  
  50  5:05  Sentry  
  54  5:07  Probe x2 (Chrono Boost)  
  54  5:11  Photon Cannon  
  54  5:12  Pylon  
  50  5:27  Probe x2 (Chrono Boost)  
  51  5:29  Gateway  
  51  5:31  Gateway  
  51  5:34  Pylon  
  51  5:35  Pylon  
  51  5:37  Probe x2 (Chrono Boost)  
  51  5:40  Robotics Facility  
  52  5:50  Probe x2  
  52  5:54  Probe  
  55  5:58  Sentry x2  
  55  6:02  Probe x2  
  61  6:04  Probe, Photon Cannon  
  61  6:05  Protoss Ground Weapons Level 2  
  61  6:08  Sentry  
  64  6:14  Probe x2  
  64  6:15  Probe  
  67  6:25  Probe  
  67  6:26  Probe x2, Phoenix  
  67  6:28  Gateway  
  67  6:29  Gateway  
  70  6:35  Warp Prism (Chrono Boost)  
  70  6:37  Probe  
  70  6:38  Probe (Chrono Boost)  
  70  6:39  Probe (Chrono Boost)  
  75  6:41  Stalker x2  
  79  6:47  Assimilator x2  
  79  6:48  Pylon  
  79  6:56  Probe (Chrono Boost)  
  79  6:58  Probe x2 (Chrono Boost), Robotics Bay  
  79  6:59  Pylon  
  79  7:00  Pylon  
  82  7:06  Stalker  
  82  7:07  Stalker, Observer  
  86  7:09  Stalker  
  86  7:12  Stalker  
  86  7:15  Probe (Chrono Boost)  
  93  7:17  Probe (Chrono Boost)  
  93  7:19  Pylon  
  93  7:24  Pylon  
  93  7:27  Probe (Chrono Boost), Pylon  
  94  7:39  Robotics Facility  
  94  7:42  Disruptor  
  94  7:44  Stalker x3  
  96  7:49  Gravitic Drive  
  103  7:58  Pylon  
  99  8:10  Protoss Ground Weapons Level 3  
  97  8:14  Disruptor (Chrono Boost)  
  97  8:15  Stalker x7  
  97  8:17  Nexus  
  97  8:19  Pylon  
  114  8:28  Photon Cannon  
  114  8:30  Pylon  
  114  8:43  Disruptor (Chrono Boost)  
  114  8:45  Photon Cannon  
  114  8:46  Photon Cannon  
  117  8:48  Pylon  
  117  8:49  Pylon  
  117  8:59  Zealot x7  
  132  9:10  Disruptor (Chrono Boost)  
  132  9:15  Disruptor (Chrono Boost)  
  129  9:22  Templar Archives  
  129  9:24  Assimilator  
  123  9:25  Assimilator  
  123  9:30  Stalker x6  
  123  9:31  Stalker  
  116  9:53  Stalker x3  
  116  9:54  Stalker x4  
  116  9:56  Warp Prism (Chrono Boost)  
  132  10:02  Warp Prism (Chrono Boost)  
  134  10:08  Psionic Storm  
  134  10:09  Dark Shrine  
  134  10:21  Pylon  
  134  10:22  Stalker x3  
  140  10:29  Pylon  
  140  10:39  Protoss Ground Armor Level 1  
  140  10:42  Immortal x2 (Chrono Boost)  
  146  10:58  Probe  
  146  11:02  Nexus  
  146  11:03  Photon Cannon  
  147  11:04  Photon Cannon  
  147  11:05  Photon Cannon  
  147  11:06  Pylon  
  147  11:08  Probe  
  148  11:14  Photon Cannon  
  148  11:16  Photon Cannon  
  148  11:18  Photon Cannon  
  148  11:23  Pylon  
  148  11:26  Pylon  
  148  11:27  Immortal (Chrono Boost)  
  148  11:29  High Templar x3  
  148  11:30  High Templar x3  
  148  11:31  High Templar  
  164  11:34  Archon  
  164  11:35  Archon  
  164  11:42  Photon Cannon  
  164  11:44  Photon Cannon  
  164  11:45  Photon Cannon  
  164  11:46  Pylon  
  164  12:16  Nexus  
  164  12:25  Immortal x2 (Chrono Boost)  
  164  12:26  High Templar x2  
  164  12:27  High Templar x5  
  186  12:30  Colossus (Chrono Boost), Archon  
  186  12:31  Colossus (Chrono Boost), Archon x2  
  186  12:41  Pylon  
  186  12:43  Pylon  
  186  12:45  Pylon  
  186  12:49  Pylon  
  186  13:00  Stalker x7  
  198  13:37  Archon  
  182  13:46  Stalker x7  

Tags
 
Add a new tag
Caveats
  • Supply blocks, unpowered buildings, or Contaminate may cause inaccurate times.
  • Supply counts are checked every 10 seconds.